 Dungeon Crawl Stone Soup version 0.28.0-53-g5a82cb258f (webtiles) character file.

Game seed: 14591554214119713322

144902 pkoi the Geomancer (level 16, -11/126 HPs)
             Began as a Demigod Earth Elementalist on May 26, 2022.
             Mangled by a lorocyproca (28 damage)
             ... on level 2 of the Abyss.
             The game lasted 01:46:02 (74618 turns).

pkoi the Geomancer (Demigod Earth Elementalist)    Turns: 74618, Time: 01:46:02

Health: -11/126    AC: 16    Str:  9    XL:     16   Next: 33%
Magic:  1/33       EV: 19    Int: 34    God:
Gold:   411        SH:  5    Dex: 14    Spells: 6/32 levels left

rFire   . . .      SeeInvis .   P - staff of earth
rCold   . . .      Faith    .   (no shield)
rNeg    . . .      Spirit   .   V - +1 robe {Archmagi}
rPois   +          Reflect  +   S - +2 helmet
rElec   .          Harm     .   D - +2 cloak {Will+}
rCorr   .          Rampage  .   W - +3 Mad Mage's Maulers {Infuse+∞ RegenMP Int-3}
Will    ++...      Archmagi +   a - +0 pair of boots {Fly}
Stlth   ++........              z - amulet of reflection
HPRegen 0.31/turn               X - ring of poison resistance
MPRegen 0.63/turn               I - +4 ring of evasion

@: flying
A: high MP 1, forlorn, divine attributes
a: no special abilities


You were on level 2 of the Abyss.
You visited 5 branches of the dungeon, and saw 24 of its levels.
You visited the Abyss 1 time.

You collected 2653 gold pieces.
You spent 2242 gold pieces at shops.

Inventory:

Hand Weapons
 d - a +0 dagger
 k - a +2 dagger of flaming
 q - a +1 whip of flaming
 u - a +0 dagger of venom
 C - a +2 flail of venom
 K - a +1 lajatang of venom
Missiles
 c - 480 stones
 e - 15 curare-tipped darts
 m - 4 throwing nets
Armour
 a - a +0 pair of boots of flying (worn)
 D - a +2 cloak of willpower (worn)
 S - a +2 helmet (worn)
 V - a +1 robe of the Archmagi (worn)
 W - the +3 Mad Mage's Maulers (worn) {Infuse+∞ RegenMP Int-3}
   (You bought it in a shop on level 2 of the Orcish Mines)

   It empowers its wearer's blows with all of their magic.
   It causes its wearer's magical reserves to regenerate more quickly.
   Int:       It affects your intelligence (-3).
Magical Staves
 f - a staff of conjuration
 P - a staff of earth (weapon)
Jewellery
 h - a ring of fire
 r - a ring of wizardry
 z - an amulet of reflection (around neck)
 I - a +4 ring of evasion (right hand)
 L - a ring of positive energy
 X - a ring of poison resistance (left hand)
Wands
 l - a wand of polymorph (26)
 v - a wand of paralysis (17)
 w - a wand of charming (1)
 J - a wand of flame (20)
 M - a wand of digging (4)
 O - a wand of mindburst (27)
 R - a wand of iceblast (19)
Scrolls
 b - 12 scrolls of identify
 g - 11 scrolls of teleportation
 j - a scroll of magic mapping
 x - 5 scrolls of blinking
 y - 5 scrolls of fog
 A - 3 scrolls of holy word
 B - 2 scrolls of amnesia
 N - 4 scrolls of fear
 Q - 3 scrolls of enchant weapon
 U - 2 scrolls of silence
Potions
 i - 4 potions of haste
 n - 2 potions of invisibility
 o - 7 potions of heal wounds
 p - 3 potions of resistance
 s - a potion of cancellation
 t - 3 potions of brilliance
 E - 5 potions of flight
 G - 3 potions of might


   Skills:
 - Level 7.0 Fighting
 + Level 7.6 Armour
 - Level 7.0 Dodging
 - Level 3.0 Stealth
 - Level 8.7 Spellcasting
 - Level 11.4 Conjurations
 - Level 9.0 Hexes
 - Level 6.0 Necromancy
 - Level 6.0 Transmutations
 - Level 9.0 Ice Magic
 - Level 9.0 Air Magic
 - Level 12.0 Earth Magic
 - Level 6.0 Evocations


You had 6 spell levels left.
You knew the following spells:

 Your Spells              Type           Power      Damage    Failure   Level
a - Sandblast             Erth           100%       2d20      1%          1
b - Passwall              Tmut/Erth      89%        N/A       1%          2
c - Stone Arrow           Conj/Erth      100%       3d13      1%          3
d - Petrify               Tmut/Erth      100%       N/A       1%          4
e - Freezing Cloud        Conj/Ice/Air   44%        6-21      1%          5
f - Iron Shot             Conj/Erth      59%        9d11      3%          6
g - Borgnjor's Vile Clut  Necr/Erth      53%        N/A       1%          5

Your spell library contained the following spells:

 Spells                   Type           Power      Damage    Failure   Level
 Foxfire                  Conj/Fire      100%       2x1d9     1%          1
 Freeze                   Ice            100%       1d11      1%          1
 Corpse Rot               Necr/Air       100%       N/A       1%          2
 Static Discharge         Conj/Air       90%        N/A       1%          2
 Confusing Touch          Hex            85%        N/A       1%          3
 Conjure Flame            Conj/Fire      69%        6-21      1%          3
 Frozen Ramparts          Ice            100%       1d12      1%          3
 Inner Flame              Hex/Fire       62%        N/A       1%          3
 Mephitic Cloud           Conj/Pois/Air  75%        N/A       1%          3
 Portal Projectile        Hex/Tloc       100%       N/A       1%          3
 Cause Fear               Hex            42%        N/A       1%          4
 Hailstorm                Conj/Ice       90%        3d18      1%          4
 Animate Armour           Summ/Erth      100%       N/A       2%          4
 Dispel Undead            Necr           70%        3d24      2%          4
 Flame Wave               Conj/Fire      69%        2d13      3%          4
 Sticky Flame             Conj/Fire      69%        2d8       3%          4
 Yara's Violent Unravell  Hex/Tmut       39%        3d16      3%          5
 Ignite Poison            Fire/Tmut/Pois 42%        N/A       4%          3
 Gell's Gravitas          Tloc           22%        N/A       9%          3
 Lesser Beckoning         Tloc           22%        N/A       9%          3
 Teleport Other           Tloc           22%        N/A       9%          3
 Simulacrum               Ice/Necr       39%        N/A       22%         6
 Alistair's Intoxication  Tmut/Pois      34%        N/A       24%         5
 Eringya's Noxious Bog    Tmut/Pois      26%        N/A       80%         6
 Dispersal                Tloc           11%        N/A       99%         6
 Enfeeble                 Hex            42%        N/A       54%         7
 Lehudib's Crystal Spear  Conj/Erth      59%        10d14     86%         8
 Discord                  Hex            42%        N/A       99%         8
 Malign Gateway           Summ/Tloc      11%        N/A       100%        7
 Summon Horrible Things   Summ           11%        N/A       100%        8


Dungeon Overview and Level Annotations

Branches:
Dungeon (12/15)            Temple (0/1) D:5            Lair (6/6) D:10
 Shoals (3/4) Lair:3       Spider (0/4) Lair:2        Slime (0/5) Lair:6
    Orc (2/2) D:11            Elf (1/3) Orc:2

Shops:
D:7 [[**(   D:10 =   D:12 (   Orc:1 ?   Orc:2 (:[[   Shoals:1 [   Shoals:2 (

Annotations:
Lair:2 2 transporters, pkoi's ghost, journeyman DgAE
Orc:1 3 runed translucent doors, fingers's ghost, novice TrMo


Innate Abilities, Weirdness & Mutations

You have an increased reservoir of magic. (+10% MP)
You shall have no god before yourself.
Your divine heritage dramatically boosts your attributes as you level up.


Message History

You can't see any susceptible monsters within range! (Use Z to cast anyway.)
Casting: Stone Arrow (safe; 1% risk of failure)
Confirm with . or Enter, or press ? or * to list all spells.
Aiming: Sandblast (safe; 1% risk of failure)
Press: ? - help, Shift-Dir - straight line You feel a strong surge of power!
The blast of sand hits something!
c - 480 stones Something hits you!!
* * * LOW HITPOINT WARNING * * *
You feel your power leaking away.
Unknown command.
You miss something. Your punch misses something.
Something hits you but does no damage.
You miss something. Something hits you but does no damage.
You hit something.
You shatter something.
Something barely misses you.
Okay, then.
Unknown command.
Aiming: Mindburst
Press: ? - help, Shift-Dir - straight line Nothing appears to happen.
Something hits you.
* * * LOW HITPOINT WARNING * * *
You feel your power leaking away.
Unknown command.
Unknown command.
Aiming: Mindburst
Press: ? - help, Shift-Dir - straight line Nothing appears to happen.
Something hits you.
* * * LOW HITPOINT WARNING * * *
You feel your power leaking away.
Unknown command.
Unknown command.
Aiming: Mindburst
Press: ? - help, Shift-Dir - straight line Nothing appears to happen.
Something closely misses you.
Unknown command.
Unknown command.
Aiming: Mindburst
Press: ? - help, Shift-Dir - straight line Nothing appears to happen.
Something hits you!!
You die...

##. .###
###. # .
. ... #
#. .# #
†.# ## #
.....
.... # #
.####...
# # .# #
#.# #
#... #.
.# .
#)###
.#.#
#..@#
###
#####
...... #
# # # #
# . . .
.. # ..#
## ## X
.


There were no monsters in sight!

Vanquished Creatures
  Nikola (Elf:1)
  Polyphemus (Shoals:2)
  A tentacled starspawn (Abyss:2)
  Kirke (Lair:4)
  A frost giant (Shoals:1)
  2 orc warlords
  A stone giant (Shoals:1)
  Nessos (Lair:4)
  An ettin (Orc:1)
  A fire dragon (Lair:6)
  2 merfolk javelineers
  3 merfolk impalers
  11 hydras
  A boulder beetle (D:11)
  An alligator snapping turtle (Shoals:3)
  2 death knights (D:12)
  6 two-headed ogres
  2 merfolk aquamancers
  A catoblepas (Shoals:2)
  2 merfolk avatars (Shoals:3)
  A satyr (Shoals:3)
  15 death yaks
  A vampire mage (Abyss:2)
  5 orc high priests
  Urug (Lair:4)
  A thrashing horror (Abyss:2)
  Nergalle (Lair:2)
  3 deep elf knights (Elf:1)
  2 skeletal warriors (D:12)
  A fire crab (Lair:6)
  An orb spider (Abyss:2)
  5 sea snakes
  3 deep elf archers (Elf:1)
  Pikel (D:5)
  10 deep elf zephyrmancers (Elf:1)
  8 harpies
  A lindwurm (Lair:6)
  6 orc sorcerers
  7 deep elf pyromancers (Elf:1)
  5 orc knights
  3 ugly things
  9 cyclopes
  9 merfolk sirens
  13 fauns
  5 manticores
  15 elephants
  5 black mambas (Lair:6)
  A black mamba (shapeshifter) (D:12)
  A rust devil (Abyss:2)
  4 molten gargoyles
  2 water nymphs (Shoals:3)
  2 gargoyles
  A torpor snail (Lair:2)
  3 rime drakes
  11 komodo dragons
  15 cane toads
  Maggie (D:6)
  An efreet (Abyss:2)
  An unseen horror (D:12)
  A freezing wraith (D:12)
  2 kobold demonologists
  A tormentor (Abyss:2)
  An ancient zyme (Abyss:2)
  A hellwing (Abyss:2)
  4 trolls
  7 polar bears
  14 merfolk
  Grinder (D:3)
  A polar bear (shapeshifter) (Abyss:2)
  A wind drake (Shoals:1)
  A hornet (D:10)
  4 raiju (Abyss:2)
  21 blink frogs
  20 dream sheep
  6 snapping turtles
  2 culicivoras (Lair:2)
  A vampire (D:12)
  2 ynoxinuls (Abyss:2)
  2 jumping spiders (Lair:2)
  3 shadows
  An air elemental (Elf:1)
  Sigmund (D:4)
  A large abomination (Abyss:2)
  2 hogs (Lair:4)
  5 water elementals
  6 wyverns
  48 yaks
  A fire elemental (Lair:1)
  8 basilisks
  4 small abominations (Abyss:2)
  6 vampire mosquitoes
  2 neqoxecs (Abyss:2)
  Menkaure (D:4)
  3 redbacks (Lair:2)
  7 wargs
  6 steam dragons
  Edmund (D:6)
  An acid dragon (D:10)
  4 hell hounds (Lair:6)
  Duvessa (D:4)
  12 water moccasins
  2 black bears
  59 orc warriors
  2 ice beasts
  A sky beast (D:6)
  26 wolves
  A necrophage (D:5)
  A boggart (Elf:1)
  4 centaurs
  3 lemures (D:5)
  17 ogres
  2 phantoms
  13 bullfrogs
  15 kobold brigands
  5 scorpions
  A water moccasin zombie (D:5)
  2 wyvern zombies
  A troll zombie (D:11)
  A water moccasin skeleton (D:5)
  Dowan (D:4)
  18 killer bees
  11 wights
  An electric eel (D:6)
  5 howler monkeys
  11 lava snakes
  3 centaur zombies
  A bullfrog zombie (D:6)
  3 jellies
  35 orc priests
  6 hounds
  2 centaur skeletons
  A bullfrog skeleton (D:4)
  7 hell rats (Lair:4)
  5 iguanas
  29 orc wizards
  A killer bee zombie (D:6)
  7 ogre zombies (D:11)
  2 hound zombies (D:5)
  2 hound skeletons
  A howler monkey zombie (D:10)
  7 gnolls
  9 adders
  A howler monkey skeleton (D:5)
  A white imp (D:8)
  An ufetubus (Abyss:2)
  An adder skeleton (D:4)
  A worm (D:4)
  2 dart slugs (D:5)
  131 orcs
  2 bats (D:2)
  5 endoplasms
  2 giant cockroaches
  4 hobgoblins
  5 jackals
  9 quokkas
  8 ball pythons
  2 frilled lizards
  17 goblins
  4 goblin zombies (D:11)
  A hobgoblin skeleton (D:11)
  2 hobgoblin zombies (D:11)
  16 kobolds
  4 orc skeletons (D:11)
  14 orc zombies (D:11)
  3 rats
  3 bushes (Lair:6)
  2 butterflies (Lair:6)
1004 creatures vanquished.

Vanquished Creatures (others)
  2 humans (Lair:4)
  A water moccasin (Lair:4)
  52 fungi
  179 plants
  2 starspawn tentacles (Abyss:2)
  4 toadstools (D:1)
240 creatures vanquished.

Grand Total: 1244 creatures vanquished

Notes
Turn   | Place    | Note
-------+----------+-------------------------------------------
     0 | D:1      | pkoi the Demigod Earth Elementalist began the quest for the
                  | Orb.
     0 | D:1      | Reached XP level 1. HP: 14/14 MP: 5/5
   207 | D:1      | Reached skill level 3 in Earth Magic
   842 | D:1      | Reached XP level 2. HP: 15/20 MP: 5/7
  1390 | D:2      | Learned a level 2 spell: Passwall
  1418 | D:2      | Reached skill level 1 in Transmutations
  1839 | D:2      | Reached XP level 3. HP: 26/26 MP: 4/8
  1981 | D:3      | Noticed Grinder
  2188 | D:3      | Reached skill level 4 in Earth Magic
  3259 | D:3      | Paralysed by Grinder for 6 turns
  3570 | D:4      | Reached XP level 4. HP: 33/33 MP: 6/9
  3664 | D:4      | Noticed Duvessa
  3664 | D:4      | Noticed Dowan
  3689 | D:3      | Learned a level 3 spell: Stone Arrow
  3863 | D:3      | Killed Grinder
  3864 | D:3      | Reached skill level 1 in Conjurations
  3864 | D:3      | Reached XP level 5. HP: 17/38 MP: 2/12
  4152 | D:3      | Noticed an ogre
  4168 | D:3      | Reached XP level 6. HP: 45/45 MP: 11/13
  5061 | D:4      | Noticed a water moccasin
  5069 | D:4      | Killed a water moccasin
  5070 | D:4      | Reached skill level 5 in Earth Magic
  5955 | D:4      | Reached XP level 7. HP: 45/50 MP: 7/14
  6322 | D:4      | Noticed Sigmund
  6344 | D:4      | Killed Sigmund
  6345 | D:4      | Reached skill level 6 in Earth Magic
  7223 | D:4      | Killed Duvessa
  7225 | D:4      | Killed Dowan
  7423 | D:4      | Noticed Menkaure
  7429 | D:4      | Killed Menkaure
  7608 | D:4      | Reached XP level 8. HP: 55/57 MP: 5/15
  8052 | D:5      | Entered Level 5 of the Dungeon
  8103 | D:5      | Reached skill level 5 in Conjurations
  8197 | D:5      | Reached skill level 7 in Earth Magic
  8264 | D:5      | Learned a level 4 spell: Petrify
  8791 | D:5      | Noticed Pikel
  8854 | D:5      | Found a staircase to the Ecumenical Temple.
  8973 | D:5      | Killed Pikel
  9789 | D:5      | Reached XP level 9. HP: 62/62 MP: 14/18
 10483 | D:5      | Reached skill level 8 in Earth Magic
 10815 | D:5      | Reached skill level 5 in Transmutations
 10815 | D:5      | Reached skill level 1 in Evocations
 12238 | D:6      | Noticed Edmund
 12243 | D:6      | Killed Edmund
 12474 | D:6      | Reached skill level 5 in Spellcasting
 12610 | D:6      | Noticed Maggie
 12613 | D:6      | Killed Maggie
 13206 | D:7      | Found Nood's Antique Armour Shoppe.
 13576 | D:7      | Bought a pair of jewelled gloves for 237 gold pieces
 13576 | D:7      | Identified the +0 pair of gloves of Gumpist {Will+} (You
                  | bought it in a shop on level 7 of the Dungeon)
 13576 | D:7      | Bought a shadowed robe for 142 gold pieces
 13576 | D:7      | Identified the +1 robe "Qywoid" {Drain Int-3 Dex+9 Slay+5}
                  | (You bought it in a shop on level 7 of the Dungeon)
 14089 | D:7      | Found Zeacy's General Store.
 14137 | D:7      | Reached XP level 10. HP: 69/69 MP: 7/21
 14430 | D:7      | Found Tugg's Antique Weapon Boutique.
 14634 | D:7      | Found Kobren's Armour Shoppe.
 14655 | D:7      | Found Celuybugg's General Store.
 15050 | D:8      | Noticed a cyan ugly thing
 15055 | D:8      | Killed a cyan ugly thing
 15056 | D:8      | Reached skill level 9 in Earth Magic
 15668 | D:8      | Reached skill level 1 in Fighting
 15668 | D:8      | Reached skill level 1 in Armour
 17046 | D:9      | Noticed a five-headed hydra
 17050 | D:9      | Killed a five-headed hydra
 18044 | D:9      | Noticed a two-headed ogre
 18047 | D:9      | Killed a two-headed ogre
 18526 | D:10     | Entered Level 10 of the Dungeon
 19102 | D:9      | Reached XP level 11. HP: 66/83 MP: 12/24
 20605 | D:10     | Found a staircase to the Lair.
 21633 | D:10     | Found Acriss's Jewellery Shop.
 22400 | D:10     | Reached skill level 5 in Dodging
 22799 | D:11     | Found a staircase to the Orcish Mines.
 23590 | D:11     | Reached skill level 5 in Fighting
 24904 | D:11     | Learned a level 5 spell: Freezing Cloud
 24905 | D:11     | Noticed a two-headed ogre
 24911 | D:11     | Killed a two-headed ogre
 25312 | D:11     | Noticed a two-headed ogre
 25317 | D:11     | Killed a two-headed ogre
 25318 | D:11     | Reached skill level 1 in Ice Magic
 25318 | D:11     | Reached skill level 1 in Air Magic
 25734 | D:11     | Noticed a seven-headed hydra
 25741 | D:11     | Killed a seven-headed hydra
 26147 | D:11     | Identified the +6 flail "Xucyi" {freeze, *Slow rC- rCorr
                  | Dex+9}
 26152 | D:11     | Noticed a boulder beetle
 26899 | D:11     | Killed a boulder beetle
 27482 | Lair:1   | Entered Level 1 of the Lair of Beasts
 28994 | Lair:1   | You fall into a shaft and drop 1 floor!
 29058 | Lair:2   | Noticed Nergalle
 29064 | Lair:2   | Killed Nergalle
 29065 | Lair:2   | Reached XP level 12. HP: 96/96 MP: 12/25
 29968 | Lair:1   | Reached skill level 5 in Air Magic
 30133 | Lair:1   | Reached skill level 5 in Ice Magic
 31146 | Lair:2   | Found a transporter.
 31239 | Lair:2   | Noticed pkoi's ghost (journeyman DgAE)
 31248 | Lair:2   | Found a transporter.
 31666 | Lair:2   | Found a hole to the Spider Nest.
 31980 | Lair:2   | Learned a level 5 spell: Yara's Violent Unravelling
 32622 | Lair:3   | Reached skill level 1 in Hexes
 33669 | Lair:3   | Noticed a six-headed hydra
 33676 | Lair:3   | Killed a six-headed hydra
 34120 | Lair:3   | Found a staircase to the Shoals.
 34952 | Lair:4   | Noticed Kirke
 34961 | Lair:4   | Killed Kirke
 35628 | Lair:4   | Reached skill level 5 in Evocations
 35633 | Lair:4   | Noticed a five-headed hydra
 35807 | Lair:4   | Reached XP level 13. HP: 102/102 MP: 2/26
 37552 | Lair:4   | Noticed Nessos
 37962 | Lair:4   | Killed Nessos
 38567 | Lair:4   | Noticed Urug
 38574 | Lair:4   | Killed Urug
 39664 | Lair:4   | Reached skill level 5 in Hexes
 43314 | Lair:6   | Entered Level 6 of the Lair of Beasts
 44853 | Lair:6   | Reached XP level 14. HP: 110/110 MP: 24/28
 44859 | Lair:6   | Learned a level 5 spell: Borgnjor's Vile Clutch
 45161 | Lair:6   | Reached skill level 1 in Necromancy
 46366 | Lair:6   | Found a staircase to the Slime Pits.
 49371 | Lair:6   | Found a large runed translucent door.
 49371 | Lair:6   | Found a large runed translucent door.
 49645 | Lair:6   | Identified the +1 scale mail of the Eagle {*Corrode rPois
                  | Will- SInv}
 50033 | D:12     | Found Raizuhu's Antique Weapon Shoppe.
 50177 | D:12     | Reached skill level 10 in Earth Magic
 50571 | D:12     | Noticed an orc warlord
 52067 | D:7      | Bought a pair of embroidered boots for 187 gold pieces
 52121 | D:7      | Bought the +1 pair of gloves of Ihubofal {rC+ rN++ rCorr
                  | Str-3} for 432 gold pieces
 52304 | Orc:1    | Entered Level 1 of the Orcish Mines
 53214 | Orc:1    | Found Poiroat's Magic Scroll Boutique.
 53227 | Orc:1    | Bought a scroll of blinking for 90 gold pieces
 53227 | Orc:1    | Bought a scroll of vulnerability for 90 gold pieces
 53227 | Orc:1    | Bought a scroll of teleportation for 36 gold pieces
 54737 | Orc:1    | Found a runed translucent gate.
 54738 | Orc:1    | Found a runed translucent gate.
 54739 | Orc:1    | Found a runed translucent gate.
 54741 | Orc:1    | Noticed fingers's ghost (novice TrMo)
 54742 | Orc:1    | Identified the +6 chain mail of Limited Liability {rF+
                  | rCorr Str+3}
 54756 | Orc:1    | Identified the +3 shortbow "Ufo Dodd" {vorpal, rPois}
 54813 | Orc:2    | Entered Level 2 of the Orcish Mines
 56227 | Orc:2    | Reached skill level 5 in Necromancy
 57248 | Orc:2    | Noticed an orc warlord
 57261 | Orc:2    | Killed an orc warlord
 58075 | Orc:2    | Found Soweam's Armour Boutique.
 58080 | Orc:2    | Bought the +3 Mad Mage's Maulers {Infuse+∞ RegenMP Int-3}
                  | for 440 gold pieces
 58080 | Orc:2    | Found the +3 Mad Mage's Maulers {Infuse+∞ RegenMP Int-3}
 58096 | Orc:2    | Found Fazalam's Antique Armour Shop.
 58713 | Orc:2    | Found Kepuru's Book Emporium.
 59007 | Orc:2    | Found Kouhenopso's Antique Weapon Shop.
 59010 | Orc:2    | Reached XP level 15. HP: 115/115 MP: 26/30
 60107 | Orc:2    | Found a staircase to the Elven Halls.
 60359 | Orc:2    | Got Puycsier's Handbook of Dislocated Darkness
 61068 | D:12     | Reached skill level 10 in Conjurations
 61604 | D:12     | Reached skill level 11 in Earth Magic
 62433 | Shoals:1 | Entered Level 1 of the Shoals
 63382 | Shoals:1 | Found Pavazo Suvu's Armour Shop.
 64961 | Shoals:2 | Noticed Polyphemus
 65312 | Orc:2    | Bought the Collected Works on Earth and the Oath for 588
                  | gold pieces
 65321 | Orc:2    | Learned a level 6 spell: Iron Shot
 66257 | Shoals:2 | Found Unwoypp's Weapon Shoppe.
 67140 | Shoals:2 | Killed Polyphemus
 69436 | Shoals:3 | Reached skill level 12 in Earth Magic
 70943 | Shoals:3 | Reached XP level 16. HP: 76/124 MP: 19/33
 72298 | Elf:1    | Entered Level 1 of the Elven Halls
 72302 | Elf:1    | Reached skill level 5 in Armour
 73096 | Elf:1    | Noticed Nikola
 73101 | Elf:1    | Killed Nikola
 73681 | Elf:1    | Paralysed by an air elemental for 1 turns
 73684 | Elf:1    | Cast into level 2 of the Abyss (a deep elf sorcerer)
 73871 | Abyss:2  | Noticed a tentacled starspawn
 74233 | Abyss:2  | Noticed a tentacled starspawn
 74236 | Abyss:2  | Killed a tentacled starspawn
 74414 | Abyss:2  | Noticed a bone dragon
 74618 | Abyss:2  | Mangled by a lorocyproca

Illustrated notes

Levels and vault maps discovered:
D:1:      ldierk_water_garden, layout_basic, ebering_ecumenical_altar_mist
D:2:      layout_basic, basic_altar
D:3:      layout_basic, gammafunk_temple_overflow_elements, grunt_decor_cap,
          serial_bayou_pond_e, minmay_ogre_servants, uniq_grinder
D:4:      cheibrodos_barr_body, layout_cave_pods, dk_noncrumbling_3,
          minivault_1, uniq_menkaure, uniq_duvessa, uniq_sigmund
D:5:      kennysheep_windowed_halls, layout_cave_pods,
          grunt_temple_overflow_open, minmay_temple_entry_tees, uniq_pikel
D:6:      layout_loops_ring, mainiacjoe_overflow_alcove_4, serial_bayou_lake_a,
          uniq_edmund, uniq_maggie
D:7:      layout_rooms, okawaru_ov_weapons_minmay,
          grunt_dithmenos_smoke_and_mirrors, serial_shops, nicolae_shop_stone,
          nicolae_diamond_shop, nicolae_shop_stone, kennysheep_mini_moat,
          nicolae_shop_hallway_stairs, serial_bayou_pond_d, minivault_11
D:8:      layout_basic, old_standard_altar
D:9:      layout_roguey, old_standard_altar
D:10:     layout_basic, lemuel_round_altar, tso_altar,
          erik_lair_orcish_takeover, serial_shops, nicolae_lakefront_shop,
          roderic_serpentine_path
D:11:     cheibrodos_steamvent, layout_cave_pods, zombieorc2_lemuel,
          special_room [special_room_orc]
D:12:     orc_temple, layout_rooms, serial_shops, nicolae_shop_trees
Lair:1:   beast_lair_carwin_large_3, layout_cave_pods, amcnicky_mini_pool_medium
Lair:2:   layout_gridlike, nicolae_spider_entry_tight_spaces,
          gammafunk_ghost_wrathful_warriors, uniq_nergalle
Lair:3:   layout_layer_cave, elwin_shoals_entry_rocks, serial_bayou_shore_a,
          infiniplex_staircase_pool_2, serial_bayou_shore_b
Lair:4:   layout_regular_city, cheibrodos_lair_lostbears, grunt_megastairs_3,
          uniq_nessos, uniq_kirke, uniq_urug
Lair:5:   cheibrodos_magma_flow, layout_gridlike, lemuel_fruit_fields
Lair:6:   cheibrodos_lair_end_hotspot, layout_regular_city, slime_altar_1,
          nicolae_lair_lil_pond, lemuel_fruit_fields
Shoals:1: layout_shoals, serial_shops, nicolae_take_the_stairs, st_shoals_ruin
Shoals:2: layout_shoals, serial_shops, nicolae_shop_bloodbath_and_beyond,
          uniq_polyphemus
Shoals:3: layout_shoals, nicolae_shoals_loop_pool
Orc:1:    layout_caves, special_room [special_room_kobold], serial_shops, shop,
          biasface_ghost_orc_armoury, nicolae_orc_pool_cavern, mines4_lemuel
Orc:2:    pubby_orc_utopia
Elf:1:    minmay_elf_arrival_summoners, layout_gridlike, serial_shops, shop,
          minmay_elf_sorcery, hangedman_elf_disciples, uniq_nikola
Abyss:2:  base: Crypt:3, hangedman_abyss_or_decor_stagger,
          hangedman_abyss_or_decor_stagger, evilmike_abyss_exit_16,
          evilmike_abyss_exit_16

Skill      XL: |  1  2  3  4  5  6  7  8  9 10 11 12 13 14 15 16 |
---------------+-------------------------------------------------+-----
Earth Magic    | 3 4 5 6 7 8 9 10 12 | 12.0
Transmutations | 1 2 3 4 5 6 |  6.0
Spellcasting   | 2 3 4 5 6 7 8 |  8.7
Conjurations   | 1 2 4 6 7 9 11 | 11.4
Stealth        | 3 |  3.0
Evocations     | 3 5 6 |  6.0
Dodging        | 4 6 7 |  7.0
Fighting       | 3 6 7 |  7.0
Armour         | 3 7 |  7.6
Ice Magic      | 3 6 9 |  9.0
Air Magic      | 3 6 9 |  9.0
Hexes          | 3 6 8 9 |  9.0
Necromancy     | 5 6 |  6.0

Action                   |  1- 3 |  4- 6 |  7- 9 | 10-12 | 13-15 | 16-18 || total
-------------------------+-------+-------+-------+-------+-------+-------++-------
Melee: Dagger            |     5 |    22 |       |       |       |       ||    27
       Unarmed           |     1 |       |       |       |       |       ||     1
       Staff             |     2 |    37 |    27 |     9 |    28 |     4 ||   107
       Lajatang          |       |       |     5 |       |     6 |       ||    11
       Punch             |       |       |       |       |     1 |       ||     1
 Cast: Sandblast         |    81 |    23 |    19 |    68 |   105 |     2 ||   298
       Stone Arrow       |       |    20 |   147 |   372 |   496 |    41 ||  1076
       Freezing Cloud    |       |       |       |    30 |   245 |    10 ||   285
       Borgnjor's Vile C |       |       |       |       |   105 |    50 ||   155
       Yara's Violent Un |       |       |       |       |     4 |       ||     4
       Iron Shot         |       |       |       |       |     8 |    30 ||    38
Evoke: Wand              |       |       |       |       |       |     4 ||     4
  Use: Scroll            |     6 |       |     2 |    10 |     7 |       ||    25
       Potion            |     1 |       |       |     5 |     2 |       ||     8
Armor: Robe              |    13 |    14 |    15 |       |    21 |     9 ||    72
       Steam dragon scal |       |       |    10 |    76 |   115 |       ||   201
Dodge: Dodged            |    22 |    43 |    67 |   131 |   314 |    55 ||   632
Block: Other             |       |       |       |    51 |   108 |    11 ||   170
       Reflection        |       |       |       |     3 |    16 |     2 ||    21
